3AAA
HOUSTON BC @ VERMONT LAKE MONSTERS
05/12/2022
 
TOP OF THE 1ST
Houston BC batting - Pitching for Vermont Lake Monsters : RHP Tyler MacHugh
Pitching: RHP Tyler MacHugh
Batting: RHB José Muńóz 0-0: Foul Ball, location: 2F
0-1: Ball
1-1: Foul Ball, location: 2F
1-2: Strikes out swinging
Batting: RHB Randy Gregory 0-0: Called Strike
0-1: Foul Ball, location: 2F
0-2: Ball
1-2: Foul Ball, location: 2F
1-2: Ball
2-2: Ball
3-2: Fly out, F8 (Flyball, 8LM)
Batting: LHB Yun Yen 0-0: Called Strike
0-1: Ball
1-1: Ground out 4-3 (Groundball, 4M)
Top of the 1st over - 0 run(s), 0 hit(s), 0 error(s), 0 left on base; Houston 0 - Vermont 0
BOTTOM OF THE 1ST
Vermont Lake Monsters batting - Pitching for Houston BC : RHP Ken Carter
Pitching: RHP Ken Carter
Batting: RHB Fernando Castro 0-0: Called Strike
0-1: Foul Ball, location: 2F
0-2: Strikes out swinging
Batting: LHB Reijiro Sato 0-0: Ground out U3 (Groundball, 3S)
Batting: RHB Keith Fish 0-0: Foul Ball, location: 2F
0-1: Foul Ball, location: 2F
0-2: Ground out 5-3 (Groundball, 5)
Bottom of the 1st over - 0 run(s), 0 hit(s), 0 error(s), 0 left on base; Houston 0 - Vermont 0
TOP OF THE 2ND
Houston BC batting - Pitching for Vermont Lake Monsters : RHP Tyler MacHugh
Batting: LHB Jesús Reyes 0-0: Fly out, F9 (Flyball, 89D)
Batting: RHB Micah Miller 0-0: Ball
1-0: Ball
2-0: Swinging Strike
2-1: Ball
3-1: Called Strike
3-2: Ground out 5-3 (Groundball, 56S)
Batting: LHB António Rivera 0-0: Called Strike
0-1: Called Strike
0-2: Strikes out swinging
Top of the 2nd over - 0 run(s), 0 hit(s), 0 error(s), 0 left on base; Houston 0 - Vermont 0
BOTTOM OF THE 2ND
Vermont Lake Monsters batting - Pitching for Houston BC : RHP Ken Carter
Batting: RHB Craig Stewart 0-0: Called Strike
0-1: SINGLE (Groundball, 56D)
Batting: RHB Joe Shaw 0-0: Ball
1-0: Ball
2-0: Ball
3-0: Base on Balls
Craig Stewart to second
Batting: RHB Carlos Padilla 0-0: Ball
1-0: Foul Ball, location: 2F
1-1: Swinging Strike
1-2: Strikes out looking
Batting: LHB Tim Hill 0-0: Called Strike
0-1: SINGLE (Groundball, 4MD)
Craig Stewart to third
Joe Shaw to second
Batting: RHB Fred Meyer 0-0: Ball
1-0: Fly out, F4 (Line Drive, 4)
Batting: LHB Juan Durán 0-0: Ground out 5-3 (Groundball, 56)
Bottom of the 2nd over - 0 run(s), 2 hit(s), 0 error(s), 3 left on base; Houston 0 - Vermont 0
TOP OF THE 3RD
Houston BC batting - Pitching for Vermont Lake Monsters : RHP Tyler MacHugh
Batting: RHB Ludovico Trezza 0-0: Foul Ball, location: 2F
0-1: Ball
1-1: Foul Ball, location: 2F
1-2: Ground out 5-3 (Groundball, 6)
Batting: RHB António Alvarado 0-0: Foul Ball, location: 2F
0-1: Foul Ball, location: 2F
0-2: Ball
1-2: Ball
2-2: Strikes out swinging
Batting: RHB Steffen Taylor 0-0: Called Strike
0-1: Ground out 5-3 (Groundball, 5L)
Top of the 3rd over - 0 run(s), 0 hit(s), 0 error(s), 0 left on base; Houston 0 - Vermont 0
BOTTOM OF THE 3RD
Vermont Lake Monsters batting - Pitching for Houston BC : RHP Ken Carter
Batting: RHB Fernando Castro 0-0: Ground out 5-3 (Groundball, 5S)
Batting: LHB Reijiro Sato 0-0: Ball
1-0: Ground out 5-3 (Groundball, 56S)
Batting: RHB Keith Fish 0-0: Swinging Strike
0-1: Swinging Strike
0-2: Fly out, F7 (Line Drive, 7M)
Bottom of the 3rd over - 0 run(s), 0 hit(s), 0 error(s), 0 left on base; Houston 0 - Vermont 0
TOP OF THE 4TH
Houston BC batting - Pitching for Vermont Lake Monsters : RHP Tyler MacHugh
Batting: RHB José Muńóz 0-0: Swinging Strike
0-1: Ball
1-1: Swinging Strike
1-2: Strikes out swinging
Batting: RHB Randy Gregory 0-0: Fly out, F4 (Popup, 34)
Batting: LHB Yun Yen 0-0: Called Strike
0-1: Ground out 4-3 (Groundball, 4M)
Top of the 4th over - 0 run(s), 0 hit(s), 0 error(s), 0 left on base; Houston 0 - Vermont 0
BOTTOM OF THE 4TH
Vermont Lake Monsters batting - Pitching for Houston BC : RHP Ken Carter
Batting: RHB Craig Stewart 0-0: Called Strike
0-1: Ground out 6-3 (Groundball, 6)
Batting: RHB Joe Shaw 0-0: Ball
1-0: Swinging Strike
1-1: SINGLE (Groundball, 56D)
Batting: RHB Carlos Padilla 0-0: Called Strike
0-1: Ball
1-1: Ball
2-1: Ball
3-1: Base on Balls
Joe Shaw to second
Batting: LHB Tim Hill 0-0: Ball
1-0: Called Strike
1-1: Grounds into double play, U4-3 (Groundball, 4)
Bottom of the 4th over - 0 run(s), 1 hit(s), 0 error(s), 1 left on base; Houston 0 - Vermont 0
TOP OF THE 5TH
Houston BC batting - Pitching for Vermont Lake Monsters : RHP Tyler MacHugh
Batting: LHB Jesús Reyes 0-0: Foul Ball, location: 2F
0-1: Ball
1-1: Fly out, F8 (Flyball, 8LM)
Batting: RHB Micah Miller 0-0: Called Strike
0-1: Ball
1-1: Ground out 1-3 (Groundball, 15S)
Batting: LHB António Rivera 0-0: Ball
1-0: Ball
2-0: Called Strike
2-1: Swinging Strike
2-2: Strikes out looking
Top of the 5th over - 0 run(s), 0 hit(s), 0 error(s), 0 left on base; Houston 0 - Vermont 0
BOTTOM OF THE 5TH
Vermont Lake Monsters batting - Pitching for Houston BC : RHP Ken Carter
Batting: RHB Fred Meyer 0-0: Ground out 2-3 (Groundball, 2R)
Batting: LHB Juan Durán 0-0: Foul Ball, location: 2F
0-1: Swinging Strike
0-2: Foul Ball, location: 2F
0-2: Ball
1-2: Ball
2-2: Fly out, F7 (Flyball, 78M)
Batting: RHB Fernando Castro 0-0: Swinging Strike
0-1: Ball
1-1: Called Strike
1-2: Ball
2-2: Foul Ball, location: 2F
2-2: SINGLE (Groundball, 56)
Batting: LHB Reijiro Sato 0-0: Ball
1-0: Called Strike
1-1: Ball
2-1: Ball
3-1: Foul Ball, location: 2F
3-2: Strikes out looking
Bottom of the 5th over - 0 run(s), 1 hit(s), 0 error(s), 1 left on base; Houston 0 - Vermont 0
TOP OF THE 6TH
Houston BC batting - Pitching for Vermont Lake Monsters : RHP Tyler MacHugh
Batting: RHB Ludovico Trezza 0-0: Ball
1-0: Foul Ball, location: 2F
1-1: Ground out 6-3 (Groundball, 6)
Batting: RHB António Alvarado 0-0: Swinging Strike
0-1: Ball
1-1: Called Strike
1-2: Strikes out swinging
Batting: RHB Steffen Taylor 0-0: Ball
1-0: Ball
2-0: DOUBLE (Line Drive, 5D)
Batting: RHB José Muńóz 0-0: Called Strike
0-1: Fly out, F5 (Line Drive, 56)
Top of the 6th over - 0 run(s), 1 hit(s), 0 error(s), 1 left on base; Houston 0 - Vermont 0
BOTTOM OF THE 6TH
Vermont Lake Monsters batting - Pitching for Houston BC : RHP Ken Carter
Batting: RHB Keith Fish 0-0: DOUBLE (Flyball, 78M)
Batting: RHB Craig Stewart 0-0: Ball
1-0: Ball
2-0: Ball
3-0: Called Strike
3-1: Called Strike
3-2: Fly out, F9 (Flyball, 9M)
Batting: RHB Joe Shaw 0-0: Called Strike
0-1: Foul Ball, location: 2F
0-2: Strikes out swinging
Batting: RHB Carlos Padilla 0-0: Ball
1-0: Fly out, F7 (Flyball, 7M)
Bottom of the 6th over - 0 run(s), 1 hit(s), 0 error(s), 1 left on base; Houston 0 - Vermont 0
TOP OF THE 7TH
Houston BC batting - Pitching for Vermont Lake Monsters : RHP Tyler MacHugh
Batting: RHB Randy Gregory 0-0: Ground out 6-3 (Groundball, 6)
Batting: LHB Yun Yen 0-0: Ball
1-0: Ball
2-0: Called Strike
2-1: Ball
3-1: SINGLE (Groundball, 34D)
Batting: LHB Jesús Reyes 0-0: Ball
1-0: Ball
2-0: Ball
3-0: Called Strike
3-1: Fly out, F4 (Popup, 4)
Batting: RHB Micah Miller 0-0: Called Strike
0-1: Foul Ball, location: 2F
0-2: Ball
1-2: Ball
2-2: Foul Ball, location: 2F
2-2: Strikes out swinging
Top of the 7th over - 0 run(s), 1 hit(s), 0 error(s), 1 left on base; Houston 0 - Vermont 0
BOTTOM OF THE 7TH
Vermont Lake Monsters batting - Pitching for Houston BC : RHP Ken Carter
Batting: LHB Tim Hill 0-0: Ball
1-0: Ball
2-0: Ball
3-0: Base on Balls
Batting: RHB Fred Meyer 0-0: Swinging Strike
0-1: Bunted foul
0-2: Foul Ball, location: 2F
0-2: Ball
1-2: Ball
2-2: Foul Ball, location: 2F
2-2: Ball
3-2: Foul Ball, location: 2F
3-2: Base on Balls
Tim Hill to second
Batting: LHB Juan Durán 0-0: Ball
1-0: Fly out, F8 (Line Drive, 8RM)
Pinch Hitting: RHB Ray John 0-0: Ball
1-0: Grounds into double play, 4-6-3 (Groundball, 4)
Bottom of the 7th over - 0 run(s), 0 hit(s), 0 error(s), 1 left on base; Houston 0 - Vermont 0
TOP OF THE 8TH
Houston BC batting - Pitching for Vermont Lake Monsters : RHP Tyler MacHugh
Now at 2B: Dave Burns
Batting: LHB António Rivera 0-0: Ground out 4-3 (Groundball, 4)
Batting: RHB Ludovico Trezza 0-0: Foul Ball, location: 2F
0-1: Ball
1-1: Swinging Strike
1-2: Ball
2-2: Ball
3-2: Strikes out swinging
Batting: RHB António Alvarado 0-0: Foul Ball, location: 2F
0-1: Foul Ball, location: 2F
0-2: Fly out, F7 (Flyball, 7D)
Top of the 8th over - 0 run(s), 0 hit(s), 0 error(s), 0 left on base; Houston 0 - Vermont 0
BOTTOM OF THE 8TH
Vermont Lake Monsters batting - Pitching for Houston BC : RHP Ken Carter
Batting: LHB Reijiro Sato 0-0: Ground out 4-3 (Groundball, 4M)
Batting: RHB Keith Fish 0-0: Ball
1-0: Called Strike
1-1: Ball
2-1: Reached on error, E5 (Groundball, 56)
Batting: RHB Craig Stewart 0-0: Ball
1-0: Swinging Strike
1-1: Ball
2-1: Grounds into double play, U6-3 (Groundball, 6M)
Bottom of the 8th over - 0 run(s), 0 hit(s), 1 error(s), 0 left on base; Houston 0 - Vermont 0
TOP OF THE 9TH
Houston BC batting - Pitching for Vermont Lake Monsters : RHP Tyler MacHugh
Pitching: RHP Jim Unknown
Batting: RHB Steffen Taylor 0-0: Swinging Strike
0-1: Ground out 4-3 (Groundball, 4MS)
Batting: RHB José Muńóz 0-0: Called Strike
0-1: Ball
1-1: Foul Ball, location: 2F
1-2: Foul Ball, location: 2F
1-2: SINGLE (Line Drive, 6)
Batting: RHB Randy Gregory 0-0: Ball
1-0: Ball
2-0: Called Strike
2-1: Ball
3-1: Base on Balls
José Muńóz to second
Batting: LHB Yun Yen 0-0: Called Strike
0-1: Swinging Strike
0-2: Foul Ball, location: 2F
0-2: Strikes out swinging
Batting: LHB Jesús Reyes 0-0: Ball
1-0: Called Strike
1-1: Foul Ball, location: 2F
1-2: Ball
2-2: Strikes out swinging
Top of the 9th over - 0 run(s), 1 hit(s), 0 error(s), 2 left on base; Houston 0 - Vermont 0
BOTTOM OF THE 9TH
Vermont Lake Monsters batting - Pitching for Houston BC : RHP Ken Carter
Batting: RHB Joe Shaw 0-0: Called Strike
0-1: Fly out, F7 (Flyball, 7M)
Batting: RHB Carlos Padilla 0-0: Ground out 6-3 (Groundball, 6)
Batting: LHB Tim Hill 0-0: Called Strike
0-1: Ball
1-1: SINGLE (Groundball, 56D)
Batting: RHB Fred Meyer 0-0: Called Strike
0-1: Ball
1-1: Ball
2-1: Ball
3-1: SINGLE (Line Drive, 78M)
Tim Hill to second
Batting: LHB Juan Durán 0-0: Ball
1-0: SINGLE (Line Drive, 8LS)
Tim Hill to third
Fred Meyer to second
Batting: LHB Dave Burns 0-0: Called Strike
0-1: Ball
1-1: Called Strike
1-2: Ball
2-2: Ball
3-2: Base on Balls
Tim Hill scores
Fred Meyer to third
Juan Durán to second
This league is powered by Out of the Park Baseball, the baseball management simulation game for PC, Mac and Linux
Friday, April 15th, 2016 - OOTP Baseball 16.9 Build 39